sylprihack, neutral female sylph Priestess ----------- |..%......| ----------- #-.<.......| |......>..| #|.........| ##..........| --------------- #-------.--- ###|...I.....| |.....{........########## #### # ## -----.----- ------- |.............| # # # #### # |.....-#` ##..............- ##` # # # # # |.....| # --|---.-------- # # #### # # |.....-##### # # #### ### # # |.....| ## # ##`############ # ------- #### #------# ## # ##### ##|....|# --.--# -.--|----- #--...*|# |.*{|# |.).......#########|.....|# |...|# |........| #|.....|# |....# |........-#########--....|# |...| ---------- |.....# |._^| ------ ----- sylprihack the Acolyte Experience level: 4 Strength: 14 Dexterity: 12 Constitution: 12 Intelligence: 19 Wisdom: 7 Charisma: 10 Health: 0(32) Energy: 38(38) Def: 3 Gold: 538 Moves: 2466 Dungeon seed: 58Sgvx38UACNyoWo Game ID: sylprihack_1464966542 Your Inventory: Coins $ - 538 gold pieces Weapons a - a blessed +1 mace (weapon in hand) p - the blessed +1 Sting y - an uncursed +0 sling Armor e - an uncursed +0 robe (being worn) n - an uncursed +0 small shield (being worn) Comestibles c - an uncursed clove of garlic d - an uncursed sprig of wolfsbane o - 2 uncursed eucalyptus leaves t - an uncursed fortune cookie Scrolls w - an uncursed scroll of scare monster B - an uncursed scroll of punishment C - an uncursed scroll of genocide Spellbooks g - an uncursed spellbook of stone to flesh h - an uncursed spellbook of extra healing i - an uncursed spellbook of light Potions b - 4 potions of holy water j - an uncursed potion of gain energy k - an uncursed potion of healing r - an uncursed potion of sleeping Rings A - an uncursed +1 ring of increase damage Wands f - an uncursed wand of cancellation (0:1) v - an uncursed wand of polymorph (0:5) Tools l - an uncursed mirror Spells and supernatural/magical abilities: Name Level Category Fail Memory l - light 1 divination 0% 88% x - extra healing 3 healing 61% 88% S - stone to flesh 3 healing 65% 88% W - pray for help -- divine ? -- X - turn undead -- divine ? -- Your skills at the end: Miscellaneous Skills shield [Basic] wands [Basic] Weapon Skills mace [Basic] Spellcasting Skills clerical spells [Basic] Final Attributes: You were devoutly aligned. You were fire resistant. You were poison resistant. You saw invisible. You were stealthy. You were protected from shape changers. You are dead. Vanquished creatures: 2 shriekers 2 coyotes 3 hobbits 3 giant rats a brown mold a red mold a garter snake 2 jackals a fox a kobold 3 newts a goblin 2 sewer rats 5 grid bugs a bat 2 lichens 3 kobold zombies 34 creatures vanquished. Voluntary challenges: You followed a strict vegan diet. You did not adorn yourself with jewelry or accessories. You were an atheist. You used a wielded weapon 35 times, starting on turn 63. You did not use tools. You were illiterate. You never genocided any monsters. You never polymorphed an object. You never changed form. You used no wishes. You never split a pudding. You never wrote Elbereth's name. You never violated your personal moral code. Dungeon overview: The Dungeons of Doom: levels 1 to 5 Level 1 some fountains a long staircase Level 2 stairs to The Gnomish Mines Level 3 a general store, a fountain Level 4 Level 5 <- You were here an altar to Manannan Mac Lir, some fountains The Gnomish Mines: Level 3 stairs to The Dungeons of Doom History has recorded: On T:1 you entered the Dungeons of Doom to retrieve the Amulet of Yendor! On T:167 you reached level 2 of The Dungeons of Doom. On T:1019 you reached level 3 of The Dungeons of Doom. On T:1021 you advanced to experience level 2. On T:1135 you reached level 1 of The Gnomish Mines. On T:1535 you advanced to experience level 3. On T:1596 you reached level 4 of The Dungeons of Doom. On T:1874 you reached level 5 of The Dungeons of Doom. On T:2258 you advanced to experience level 4. Score breakdown: Gold: 538 ( 53 points) Experience: 4 levels ( 300 points) Exploration: 5 levels ( 120 points) Discoveries: 1 item ( 50 points) Variety of kills: 17 monsters ( 850 points) Major goal: (nothing yet) ( 0 points) Survival: died (score multiplied by 3) Total score: 4119 Latest messages: You faint from lack of food. Something stabs you! (3x) You try to draw healing from your surroundings, but you are too weak. Something stabs you! (3x) You die... Final status: Goodbye sylprihack the Priestess, killed by a hobbit, while fainted from lack of food... You died in The Dungeons of Doom on dungeon level 5 with 4119 points, and 538 pieces of gold, after 2466 moves. You were level 4 with a maximum of 32 hit points when you died.